 Dungeon Crawl Stone Soup version 0.11.0-9-gb634444 (webtiles) character file.

619897 giann the Conqueror (level 27, -41/273 (277) HPs)
             Began as a Minotaur Berserker on Mar 2, 2013.
             Was an Elder of Trog.
             Killed from afar by an Ice Fiend (56 damage)
             ... with a bolt of cold
             ... summoned by an ancient lich
             ... on Level 5 of the Realm of Zot.
             The game lasted 04:58:22 (72555 turns).

giann the Conqueror (Minotaur Berserker)           Turns: 72555, Time: 04:58:23

HP -41/273 (277) AC 39     Str 23      XL: 27
MP   8/8         EV 42     Int  7      God: Trog [****..]
Gold 5755        SH  0     Dex 31      Spells:  0 memorised, 26 levels left

Res.Fire  : + + .   See Invis. : +   L - +9,+4 dwarf executioner's axe (vamp) {god Res.Cold : . . . Warding : . v - +13 splint mail "Mnefesch" {+Blink Int+3 A Life Prot.: . . . Conserve : . (no shield)
Res.Poison: .       Res.Corr.  : .   l - +0 mask of the Dragon {MR Acc+3 Dam+3 SInv Res.Elec. : + Clarity : . S - +2 cloak of Puafrile {rElec rF+}
Sust.Abil.: . .     Spirit.Shd : .   E - +2 pair of gloves
Res.Mut.  : +       Stasis     : .   y - +2 pair of boots of the Assassin {+Inv Dex Res.Rott. : . Ctrl.Telep.: x A - amulet of resist mutation Saprovore : . . . Levitation : + d - ring of protection from fire Ctrl.Flight: . Y - +3,+6 ring of slaying

@: regenerating, exhausted, agile, levitating, slowed, very slow, incredibly
resistant to hostile enchantments, fairly stealthy
A: retaliatory headbutt, horns 2, berserk 1, blurry vision 1, deformed body,
fast metabolism 1, -10% mp, Str +1
a: Burn Spellbooks, Berserk, Trog's Hand, Brothers in Arms, Renounce Religion,
Evoke Blink, Evoke Invisibility
}: 3/15 runes: decaying, silver, gossamer


You were on level 5 of the Realm of Zot.
You worshipped Trog.
Trog was extremely pleased with you.
You were not hungry.

You visited 8 branches of the dungeon, and saw 63 of its levels.
You visited the Abyss 1 time.
You visited 1 bazaars.

You collected 7424 gold pieces.
You spent 1689 gold pieces at shops.

Inventory:

Hand weapons
 u - a +2,+3 anti-magic battleaxe {god gift}
 H - a +9,+7 dwarven battleaxe of venom {god gift}
 L - a +9,+4 dwarven vampiric executioner's axe (weapon) {god gift}
Armour
 l - the +0 mask of the Dragon (worn) {MR Acc+3 Dam+3 SInv}
   (You bought it in a shop on level 4 of the Orcish Mines)

   It affects your accuracy (+3).
   It affects your damage-dealing abilities (+3).
   It increases your resistance to enchantments.
   It enhances your eyesight.
 v - the +13 splint mail "Mnefesch" (worn) {+Blink Int+3 Acc+5 SInv}
   (You found it on level 5 of the Dungeon)

   It affects your intelligence (+3).
   It affects your accuracy (+5).
   It enhances your eyesight.
   It lets you blink.
 y - the +2 pair of boots of the Assassin (worn) {+Inv Dex+3 Stlth++}
   (You found it on level 11 of the Dungeon)

   It affects your dexterity (+3).
   It lets you turn invisible.
   It makes you much more stealthy.
 E - a +2 pair of gloves (worn)
 S - the +2 cloak of Puafrile (worn) {rElec rF+}
   (You found it on level 26 of the Dungeon)

   It protects you from fire.
   It insulates you from electricity.
Magical devices
 b - a wand of digging (10)
 f - a wand of disintegration (15)
 n - a wand of frost (10)
 r - a wand of lightning (1)
 s - a wand of draining (5)
 t - a wand of frost (9)
 w - a wand of cold (0)
 z - a wand of disintegration (2)
 C - a wand of lightning (2)
 O - a wand of polymorph other (4) {unknown}
Comestibles
 c - 5 royal jellies
 g - 3 pieces of ambrosia
 o - 9 meat rations
 K - a bread ration
Scrolls
 e - a scroll of holy word {unknown}
 k - 3 scrolls of remove curse
Jewellery
 a - a +5 ring of evasion
 d - a ring of protection from fire (right hand)
 h - a +2 ring of evasion
 j - the amulet "Laots" {Inacc -Tele rPois rN+ Stlth++}
   (You found it on level 3 of the Swamp)

   [amulet of inaccuracy]

   It protects you from poison.
   It protects you from negative energy.
   It prevents most forms of teleportation.
   It makes you much more stealthy.
 m - a +2,+5 ring of slaying
 x - an uncursed ring of protection from magic
 A - an amulet of resist mutation (around neck)
 B - an uncursed ring of invisibility
 G - an uncursed ring of poison resistance
 I - a +3 ring of strength
 J - a +2 ring of protection
 N - an uncursed ring of life protection
 P - an uncursed ring of ice
 Q - an uncursed ring of protection from cold
 X - the ring of Division {-Cast rElec rC+ MR}
   (You found it on level 4 of the Realm of Zot)

   [ring of protection from magic]

   It protects you from cold.
   It insulates you from electricity.
   It prevents spellcasting.
 Y - a +3,+6 ring of slaying (left hand)


   Skills:
 O Level 27 Fighting
 - Level 26.2 Axes
 O Level 27 Armour
 O Level 27 Dodging
 + Level 13.2 Traps & Doors


You had 26 spell levels left.
You didn't know any spells.

Dungeon Overview and Level Annotations

Branches:
Dungeon (27/27)            Temple (1/1) D:4             Orc (4/4) D:6
    Elf (0/3) Orc:3          Lair (8/8) D:12          Swamp (5/5) Lair:4
 Spider (5/5) Lair:4       Vaults (8/8) D:18          Blade (0/1) Vaults:6
  Crypt (0/5) Vaults:2        Zot (5/5) D:27
  Slime: Lair:6-8

Altars:
Ashenzari
Cheibriados
Elyvilon
Fedhas
Kikubaaqudgha
Makhleb
Nemelex Xobeh
Okawaru
Sif Muna
Trog
Vehumet
Xom
Yredelemnul
Zin
the Shining One
Beogh
Lugonu

Shops:
D:4: / D:9: * D:17: [* D:21: * Orc:4: /[/! Vaults:2: = Vaults:5: [ Vaults:8: /[ Abyss: ((

Portals:
Dungeon:
Abyss
Hell: D:21 D:22 D:23 D:24 D:25 D:26 D:27
Abyss: D:25 D:26
Pandemonium: D:22 D:24 D:27
Trove: D:25 (give +5,+6 demon blade)

Annotations
D:8 exclusion: oklob plant
D:20 exclusion: door
D:27 exclusion: curse skull
Lair:7 exclusion: oklob plant
Swamp:2 exclusion: Roxanne, Roxanne


Innate Abilities, Weirdness & Mutations

You reflexively headbutt those who attack you in melee.
You have a pair of horns on your head.
You are agile (Dex +1).
You tend to lose your temper in combat.
Your vision is a little blurry.
Armour fits poorly on your strangely shaped body.
You have a fast metabolism.
Your magical capacity is low (-10% MP).
Your muscles are strong, but stiff (Str +1, Dex -1).


Message History

The Ice Fiend calls on the powers of darkness!
Your body is wracked with pain!
* * * LOW HITPOINT WARNING * * *
The human zombie misses you. You furiously retaliate!
You headbutt the human zombie. You slice the green death!!
You headbutt the green death!
The green death is severely wounded.
You are no longer berserk.
Trog's vigour flows through your veins.
You are exhausted.
You feel yourself slow down.
Use which ability? (? or * to list)
Your skin crawls.
You feel resistant to hostile enchantments.
You feel slightly more hungry. The green death closely misses you.
The green death closely misses you. The human zombie completely misses you.
You slice the green death!!
You kill the green death!
The Ice Fiend gestures at you. The bolt of cold hits you!
You die...

. ##...........
.... #...........
.....
##...........
......
#............
.......
##............
.......
##.............
.....L.
###...###########
........##z^..##
# ...^...1)@..###
############# ..


You could see an ancient lich, an Ice Fiend and a human zombie.

Vanquished Creatures
  8 orbs of fire
  An ancient lich (Zot:5)
  Saint Roka (D:17)
  Norris (Vaults:1)
  Mara (Vaults:2)
  Mennas (D:23)
  10 golden dragons
  3 Killer Klowns
  2 electric golems
  Frederick (D:22)
  A lich (Abyss)
  22 tentacled monstrosities
  16 Orb Guardians (Zot:5)
  2 titans
  9 shadow dragons
  2 sphinxes
  13 storm dragons
  Kirke (D:15)
  A Shadow Fiend (Zot:5)
  Agnes (Spider:2)
  Frances (D:24)
  The ghost of StrayCheeseburger the Bludgeoner, a mighty MiFi of Okawaru (Swamp:5)
  7 draconian monks
  A bone dragon (Zot:2)
  A balrug (D:26)
  Donald (Swamp:2)
  6 ghost moths
  Wiglaf (Vaults:2)
  Louise (Spider:3)
  6 frost giants
  5 draconian knights
  6 fire giants
  7 draconian zealots
  An azure jelly (shapeshifter) (Vaults:8)
  3 draconian shifters
  A draconian annihilator (Zot:2)
  7 green draconians
  A draconian caller (Zot:1)
  35 stone giants
  7 grey draconians
  2 black draconians (Zot:1)
  4 pale draconians
  8 white draconians
  A green death (Zot:5)
  4 mottled draconians
  4 emperor scorpions
  A deep elf annihilator (Vaults:1)
  3 red draconians
  8 yellow draconians
  6 purple draconians
  2 blizzard demons (D:26)
  2 deep elf death magi
  Snorg (Vaults:2)
  2 titan skeletons
  49 vault guards
  37 yaktaur captains
  3 ettins (Vaults:8)
  A great orb of eyes (shapeshifter) (Vaults:1)
  9 dragons
  A lorocyproca (Zot:2)
  3 storm dragon skeletons (D:27)
  19 hydras
  5 great orbs of eyes
  Fannar (D:12)
  Erica (Orc:4)
  Harold (D:16)
  An ice dragon (shapeshifter) (Vaults:8)
  2 anacondas (shapeshifter)
  A dancing weapon (D:26)
  10 ice dragons
  8 death cobs
  2 deep elf demonologists (D:26)
  A shadow dragon zombie (Zot:5)
  3 spriggan druids (D:24)
  Nessos (D:17)
  8 ogre magi
  A spriggan berserker (D:24)
  2 wolf spider zombies
  A frost giant zombie (D:20)
  2 deep trolls (shapeshifter)
  10 alligators
  3 stone giant zombies
  3 draconian zombies (Zot:1)
  A shadow dragon skeleton (D:27)
  10 very ugly things
  11 deep trolls
  4 hell hogs (Abyss)
  2 sphinx skeletons
  Nergalle (Swamp:2)
  A sun demon (Abyss)
  21 centaur warriors
  An orc high priest (Vaults:1)
  2 soul eaters
  3 frost giant skeletons
  11 stone giant skeletons
  5 fire giant skeletons
  29 skeletal warriors
  A shadow wraith (Zot:5)
  A death drake (Zot:1)
  14 hell knights
  2 deep elf knights
  A white draconian zombie (Zot:5)
  A storm dragon simulacrum (Zot:5)
  5 unseen horrors
  Erolcha (D:12)
  A grey draconian zombie (Zot:5)
  A black draconian zombie (Zot:1)
  2 elves (shapeshifter)
  4 iron trolls
  2 naga warriors
  33 orc knights
  3 green draconian zombies
  2 ice devils
  4 swamp dragons
  A purple draconian zombie (Zot:1)
  13 large abominations
  A red draconian skeleton (Zot:5)
  2 giant orange brains (shapeshifter)
  A minotaur zombie (Abyss)
  A purple draconian skeleton (Zot:5)
  An iron troll zombie (Vaults:2)
  A sea snake (shapeshifter) (Vaults:8)
  10 flayed ghosts
  A yellow draconian skeleton (Abyss)
  3 sea snake skeletons (Abyss)
  A crystal golem (Vaults:7)
  The ghost of seoinin the Skirmisher, an experienced MiBe of Trog (D:6)
  A giant amoeba (shapeshifter) (Vaults:8)
  Joseph (Orc:4)
  A harpy zombie (D:20)
  13 hill giants
  4 orc sorcerers
  5 harpies (Vaults:8)
  10 griffons
  5 iron troll skeletons
  2 flaming corpses
  A green draconian skeleton (Zot:5)
  5 giant amoebae
  A hydra skeleton (Vaults:1)
  A guardian serpent (Vaults:3)
  A shadow dragon simulacrum (Zot:5)
  33 wolf spiders
  4 red wasps
  A griffon (shapeshifter) (Vaults:8)
  7 spiny worms
  A moth of wrath (shapeshifter) (Vaults:8)
  A sixfirhy (Lair:6)
  Maurice (D:12)
  A fire crab (D:19)
  2 guardian serpents (shapeshifter)
  A stone golem (D:19)
  2 fire crabs (shapeshifter) (Vaults:8)
  25 moths of wrath
  6 deep dwarf berserkers (Vaults:6)
  3 phantasmal warriors
  9 cyclopes
  3 eyes of devastation
  An elephant slug (Lair:8)
  A fire giant simulacrum (Vaults:4)
  4 dragon skeletons
  2 ice dragon skeletons (Zot:5)
  87 slime creatures
  12 rock trolls
  13 spiny frogs
  9 orange demons
  6 ettin skeletons
  7 elephants (Lair:8)
  A hill giant zombie (D:11)
  41 yaktaurs
  A naga mage (Abyss)
  A black mamba (Lair:6)
  A spriggan zombie (D:24)
  4 draconians (shapeshifter)
  2 spiny worm zombies (Vaults:6)
  A mermaid (shapeshifter) (Vaults:3)
  A yaktaur (shapeshifter) (Vaults:8)
  15 demonic crawlers
  9 hellwings
  2 yellow draconian simulacra (Zot:5)
  3 feature mimics
  99 ugly things
  A green draconian simulacrum (Zot:5)
  An iron devil (Lair:6)
  2 hill giant skeletons
  A rock troll zombie (Vaults:4)
  11 smoke demons
  A grey draconian simulacrum (Zot:5)
  3 komodo dragons
  2 spriggan skeletons (D:14)
  20 spriggans (D:24)
  A polar bear (Lair:7)
  8 trolls
  5 baby alligators
  9 giant leeches
  13 hydra simulacra (Swamp:5)
  An agate snail zombie (D:18)
  A queen bee (shapeshifter) (Vaults:8)
  A rock troll skeleton (D:22)
  A raven (Swamp:1)
  2 humans (shapeshifter)
  2 human skeletons (D:8)
  10 blink frogs
  A swamp worm simulacrum (Swamp:5)
  A grizzly bear (D:24)
  3 bog bodies
  29 jumping spiders
  37 tarantellas
  A merfolk zombie (Abyss)
  A giant firefly (D:24)
  13 two-headed ogres
  5 basilisks
  13 orb spiders
  A tarantella (shapeshifter) (Vaults:8)
  2 wyverns
  5 wraiths
  A brown ooze (shapeshifter) (D:13)
  2 hogs (D:15)
  3 sharks (D:24)
  61 yaks
  4 vampires
  2 blue devils
  5 golden eyes (Abyss)
  4 merfolk (shapeshifter)
  5 ynoxinuls
  3 blink frog skeletons (D:27)
  A jumping spider (shapeshifter) (D:15)
  6 hungry ghosts
  51 vampire mosquitoes
  An elephant skeleton (Abyss)
  4 fire drakes
  3 neqoxecs
  18 war dogs
  A yaktaur zombie (D:18)
  A hippogriff (shapeshifter) (Vaults:6)
  A chaos spawn (Zot:1)
  70 redbacks
  13 hippogriffs
  A steam dragon (D:11)
  2 redbacks (shapeshifter) (Vaults:8)
  31 trapdoor spiders
  36 swamp worms
  3 manticores
  A deep elf fighter (D:18)
  Edmund (D:9)
  3 soldier ants
  6 human zombies
  16 freezing wraiths
  20 boulder beetles
  2 cyclops zombies
  A manticore (shapeshifter) (D:16)
  2 yaktaur skeletons
  5 ice beasts
  2 rock worms
  9 small abominations
  2 necrophages (D:8)
  4 hell hounds (Abyss)
  A yellow wasp (Spider:5)
  4 black bears (D:24)
  A cyclops skeleton (D:18)
  37 ogres
  4 kobold demonologists (D:26)
  62 orc warriors
  2 troll zombies (D:8)
  A yak zombie (D:12)
  2 boulder beetle zombies
  13 swamp drakes
  8 giant goldfish
  48 centaurs
  2 sky beasts
  4 phantoms
  A boring beetle (D:17)
  7 nagas
  12 wargs
  A troll skeleton (D:14)
  4 crocodiles
  2 yak skeletons
  2 rotting devils
  2 big kobolds
  10 wolves (D:24)
  8 giant slugs
  20 giant frogs
  A warg (shapeshifter) (D:21)
  7 agate snails
  A giant slug (shapeshifter) (Vaults:8)
  20 water moccasins
  A two-headed ogre zombie (Vaults:1)
  43 insubstantial wisps
  A centaur skeleton (D:14)
  2 water moccasin skeletons (D:27)
  19 jellyfish
  4 giant goldfish simulacra (Swamp:5)
  2 wights (Zot:5)
  3 killer bees (D:12)
  A big kobold zombie (D:10)
  5 goliath beetles
  A lava snake (Zot:1)
  17 electric eels
  A deep dwarf skeleton (Abyss)
  7 quasits
  5 big kobold skeletons
  A brain worm zombie (D:11)
  12 crimson imps
  10 hounds
  35 spiders
  A water moccasin simulacrum (D:17)
  A hound zombie (D:9)
  14 big fish
  5 iron imps
  26 orc priests
  A shadow (D:11)
  23 orc wizards
  5 hound skeletons
  8 iguanas
  4 scorpions
  An orange rat (D:19)
  8 porcupines
  9 worker ants
  10 sheep
  A kobold zombie (D:26)
  3 jellies
  A goliath beetle zombie (D:10)
  5 mummies
  17 green rats
  5 lemures (Abyss)
  6 gnolls
  A scorpion zombie (D:8)
  An adder zombie (D:7)
  24 flying skulls
  An iguana zombie (D:4)
  20 adders
  7 giant centipedes
  3 giant mites
  An inept feature mimic (D:7)
  5 shadow imps
  13 white imps
  6 worms
  20 ufetubi
  2 electric eel simulacra (Swamp:5)
  A bat skeleton (D:27)
  A bat zombie (D:6)
  A giant eyeball (D:11)
  10 giant geckos
  4 oozes
  225 orcs
  An orc (shapeshifter) (Vaults:8)
  29 bats
  4 giant cockroaches
  2 grey rats (D:19)
  20 hobgoblins
  17 jackals
  8 quokkas
  4 ball pythons
  5 giant newts
  2 giant spores
  32 goblins
  A goblin skeleton (D:27)
  5 hobgoblin skeletons
  25 kobolds
  A kobold skeleton (D:4)
  An orc skeleton (D:27)
  4 orc zombies
  A quokka skeleton (D:4)
  16 rats
  3 spectral orcs (Swamp:2)
  23 ballistomycetes
  A fungus (Lair:7)
  8 plants (Lair:8)
  19 toadstools
2928 creatures vanquished.

Vanquished Creatures (collateral kills)
  An ancient lich (Zot:5)
  A lich (Vaults:3)
  Rupert (Swamp:2)
  A frost giant (Vaults:3)
  A draconian scorcher (Zot:2)
  An azure jelly (Swamp:5)
  A draconian zealot (Zot:2)
  A fire giant (D:24)
  2 stone giants (Vaults:8)
  A green draconian (Zot:2)
  A white draconian (Zot:2)
  2 ettins (Vaults:8)
  A dragon (Zot:2)
  5 yaktaur captains
  4 hydras
  2 ogre magi
  2 ice dragons (Swamp:5)
  An alligator (Swamp:5)
  A shadow dragon skeleton (D:24)
  A deep elf demonologist (Vaults:8)
  A fire giant zombie (D:20)
  3 centaur warriors
  2 hell knights (D:20)
  An iron troll (Vaults:3)
  A swamp dragon (Swamp:4)
  2 orc knights
  A red wasp (D:20)
  3 wolf spiders
  3 cyclopes
  24 slime creatures
  A rock troll (D:20)
  A hellwing (D:26)
  2 yaktaurs (D:24)
  A demonic crawler (Spider:2)
  3 komodo dragons
  7 hydra simulacra (Swamp:5)
  A two-headed ogre (Vaults:1)
  3 jumping spiders
  A chaos spawn (Abyss)
  14 orb spiders
  A ynoxinul (Abyss)
  6 yaks (Lair:1)
  A soldier ant (D:15)
  A swamp worm (Swamp:2)
  16 orc warriors
  A centaur (shapeshifter) (Vaults:3)
  2 ogres
  9 centaurs
  2 giant frogs
  An agate snail (Lair:6)
  A jellyfish (Swamp:5)
  An electric eel (Spider:2)
  A crimson imp (D:10)
  2 orc priests (D:10)
  A mottled dragon skeleton (D:15)
  2 spiders (Spider:1)
  A porcupine (Lair:6)
  2 sheep (Vaults:1)
  A giant centipede (Vaults:1)
  3 ufetubi (Abyss)
  A giant gecko (Lair:6)
  9 orcs
  A bat (Lair:1)
  A quokka (Lair:1)
  4 plants
177 creatures vanquished.

Vanquished Creatures (others)
  Margery (D:20)
  A ghost moth (Spider:5)
  A stone giant (Vaults:8)
  A yaktaur captain (D:27)
  A deep elf high priest (Vaults:8)
  A draconian zombie (Zot:2)
  2 deep trolls
  2 hill giants
  An oklob plant (Lair:7)
  4 rock trolls
  5 two-headed ogres
  7 trolls
  A fire drake (Zot:1)
  A small abomination (D:26)
  15 ogres
  A giant frog (Lair:7)
  A water moccasin (Swamp:2)
  A jellyfish (Spider:5)
  An electric eel simulacrum (Swamp:5)
  5 orcs
  4 giant spores
  A goblin (D:7)
  A kobold (D:19)
  6 fungi
  33 plants (D:24)
  41 toadstools
139 creatures vanquished.

Grand Total: 3244 creatures vanquished

Notes
Turn   | Place    | Note
--------------------------------------------------------------
     0 | D:1      | giann, the Minotaur Berserker, began the quest for the Orb.
     0 | D:1      | Reached XP level 1. HP: 19/19 MP: 0/0
    25 | D:1      | Reached skill level 4 in Axes
   240 | D:1      | Reached XP level 2. HP: 26/26 MP: 0/0
   479 | D:1      | Acquired Trog's second power
   552 | D:1      | Reached skill level 5 in Axes
   552 | D:1      | Reached XP level 3. HP: 33/33 MP: 1/1
   938 | D:2      | Found a white marble altar of Elyvilon.
  1447 | D:2      | Found a radiant altar of Vehumet.
  1460 | D:2      | Reached XP level 4. HP: 14/39 MP: 1/1
  1521 | D:2      | Reached skill level 6 in Axes
  2846 | D:4      | Reached skill level 7 in Axes
  2846 | D:4      | Reached XP level 5. HP: 46/46 MP: 1/1
  2982 | D:4      | Found Hixafoaw's Magical Wand Emporium.
  3007 | D:4      | Got an ancient hand axe
  3008 | D:4      | Identified the cursed hand axe of Fuughet {chop, rElec rPois rF+} (You found it on level 4 of the Dungeon)
  3095 | D:4      | Reached skill level 8 in Axes
  3095 | D:4      | Reached XP level 6. HP: 39/52 MP: 2/2
  3196 | D:4      | Found a staircase to the Ecumenical Temple.
  3208 | Temple   | Entered the Ecumenical Temple
  3327 | D:4      | Noticed an ogre
  3333 | D:4      | Killed an ogre
  3333 | D:4      | Reached skill level 9 in Axes
  3456 | D:4      | Found a glowing golden altar of the Shining One.
  3560 | D:4      | Found a basalt altar of Yredelemnul.
  3971 | D:3      | Reached XP level 7. HP: 59/59 MP: 2/2
  4187 | D:5      | Entered Level 5 of the Dungeon
  4187 | D:5      | Found an ancient bone altar of Kikubaaqudgha.
  4244 | D:5      | Got a steaming splint mail
  4357 | D:5      | Acquired Trog's third power
  4409 | D:5      | Identified the +13 splint mail "Mnefesch" (You found it on level 5 of the Dungeon)
  4554 | D:5      | Reached skill level 10 in Axes
  5171 | D:6      | Noticed seoinin's ghost (experienced MiBe)
  5177 | D:6      | Reached skill level 11 in Axes
  5177 | D:6      | Reached XP level 8. HP: 52/66 MP: 2/2
  5178 | D:6      | Reached XP level 7. HP: 64/88 MP: 1/2
  5188 | D:6      | Killed seoinin's ghost
  5188 | D:6      | Reached skill level 12 in Axes
  5188 | D:6      | Reached XP level 8. HP: 47/66 MP: 1/2
  5703 | D:6      | Found a staircase to the Orcish Mines.
  5709 | D:6      | Found a roughly hewn altar of Beogh.
  5717 | D:6      | Reached skill level 13 in Axes
  5859 | D:6      | Found a deep blue altar of Sif Muna.
  5975 | D:6      | Reached XP level 9. HP: 54/72 MP: 3/3
  6570 | D:7      | Received a gift from Trog
  6800 | D:7      | Reached skill level 14 in Axes
  7234 | D:8      | Found a glowing silver altar of Zin.
  7234 | D:8      | Noticed a glowing angel
  7347 | D:8      | Found a blossoming altar of Fedhas.
  7539 | D:8      | Reached skill level 15 in Axes
  7567 | D:8      | Reached XP level 10. HP: 72/79 MP: 3/3
  7569 | D:8      | Found an ancient bone altar of Kikubaaqudgha.
  7867 | D:8      | Found a burning altar of Makhleb.
  7925 | D:8      | Reached skill level 16 in Axes
  8113 | D:8      | Noticed an oklob plant
  8207 | D:9      | Noticed Edmund
  8218 | D:9      | Killed Edmund
  8568 | D:9      | Found a shimmering altar of Xom.
  8568 | D:9      | Found a shimmering altar of Xom.
  8568 | D:9      | Found a shimmering altar of Xom.
  8568 | D:9      | Found a shimmering altar of Xom.
  8569 | D:9      | Found a shimmering altar of Xom.
  8605 | D:9      | Found a basalt altar of Yredelemnul.
  8746 | D:9      | Received a gift from Trog
  8881 | D:9      | Found Crye's Serpentskin Sales.
  9455 | D:10     | Entered Level 10 of the Dungeon
  9607 | D:10     | Reached skill level 17 in Axes
  9702 | D:10     | Reached skill level 5 in Fighting
 10086 | D:11     | Noticed a centaur warrior
 10283 | D:11     | Killed a centaur warrior
 10467 | D:11     | Reached skill level 5 in Armour
 10470 | D:11     | Reached XP level 11. HP: 68/88 MP: 3/3
 10472 | D:11     | Received a gift from Trog
 10627 | D:11     | Found a blossoming altar of Fedhas.
 10737 | D:11     | Reached skill level 18 in Axes
 11292 | D:12     | Found a staircase to the Lair.
 11322 | Lair:1   | Entered Level 1 of the Lair of Beasts
 11445 | Lair:1   | Reached skill level 19 in Axes
 11565 | Lair:1   | Found a dark tunnel.
 11838 | Lair:1   | Noticed a seven-headed hydra
 11855 | Lair:1   | Killed a 11-headed hydra
 12432 | Lair:2   | Reached skill level 20 in Axes
 12667 | Lair:2   | Noticed a four-headed hydra
 12673 | Lair:2   | Killed a seven-headed hydra
 12673 | Lair:2   | Reached XP level 12. HP: 99/99 MP: 4/4
 13939 | Lair:4   | Noticed a five-headed hydra
 13941 | Lair:4   | Noticed an eight-headed hydra
 13945 | Lair:4   | Killed an eight-headed hydra
 13951 | Lair:4   | Killed an eight-headed hydra
 14085 | Lair:4   | Found a staircase to the Swamp.
 14093 | Lair:4   | Reached skill level 21 in Axes
 14172 | Lair:4   | Found a staircase to the Snake Pit.
 14267 | Lair:4   | Found a hole to the Spider Nest.
 15332 | Lair:5   | Received a gift from Trog
 15763 | Lair:6   | Identified a scroll of acquirement
 15814 | Lair:6   | Noticed an eight-headed hydra
 15819 | Lair:6   | Killed a nine-headed hydra
 16068 | Lair:6   | Found a burning altar of Makhleb.
 16320 | Lair:7   | Found a white marble altar of Elyvilon.
 16552 | Lair:7   | Noticed a five-headed hydra
 16566 | Lair:7   | Killed an eight-headed hydra
 16566 | Lair:7   | Reached skill level 22 in Axes
 16947 | Lair:7   | Reached XP level 13. HP: 104/108 MP: 4/4
 17228 | Lair:8   | Entered Level 8 of the Lair of Beasts
 17479 | Lair:8   | Reached skill level 10 in Fighting
 17521 | Lair:8   | Received a gift from Trog
 17685 | Lair:8   | Found a labyrinth entrance.
 18289 | Lair:8   | Noticed an eight-headed hydra
 18296 | Lair:8   | Killed a 12-headed hydra
 18859 | Orc:1    | Entered Level 1 of the Orcish Mines
 19078 | Orc:2    | Found a roughly hewn altar of Beogh.
 19293 | Orc:3    | Found a staircase to the Elven Halls.
 19481 | Orc:3    | Received a gift from Trog
 19806 | Orc:1    | Reached skill level 23 in Axes
 20018 | Orc:4    | Entered Level 4 of the Orcish Mines
 20018 | Orc:4    | Noticed Joseph
 20026 | Orc:4    | Killed Joseph
 20108 | Orc:4    | Reached skill level 10 in Armour
 20147 | Orc:4    | Noticed Erica
 20159 | Orc:4    | Killed Erica
 20162 | Orc:4    | Received a gift from Trog
 20349 | Orc:4    | Found a bloodstained altar of Trog.
 20496 | Orc:4    | Found Xunwaara's Armour Emporium.
 20496 | Orc:4    | Found Stawioli's Magical Wand Shop.
 20500 | Orc:4    | Found Taprap's Magical Wand Shoppe.
 20503 | Orc:4    | Found Fely's Distillery.
 20557 | Orc:4    | Bought the +0 mask of the Dragon {MR Acc+3 Dam+3 SInv} for 414 gold pieces
 20595 | Orc:4    | Bought a +1 pair of gloves for 78 gold pieces
 20601 | Orc:4    | Bought a potion of heal wounds for 33 gold pieces
 20601 | Orc:4    | Bought a potion of heal wounds for 33 gold pieces
 20601 | Orc:4    | Bought a potion of curing for 22 gold pieces
 20601 | Orc:4    | Bought a potion of curing for 22 gold pieces
 20947 | Orc:4    | Found a frozen archway.
 21632 | D:12     | Noticed a four-headed hydra
 21642 | D:12     | Killed a six-headed hydra
 21727 | D:12     | Noticed Fannar
 21745 | D:12     | Killed Fannar
 22118 | D:12     | Reached skill level 24 in Axes
 22129 | D:12     | Noticed Maurice
 22142 | D:12     | Killed Maurice
 22177 | D:12     | Noticed Erolcha
 22182 | D:12     | Killed Erolcha
 22458 | D:13     | Received a gift from Trog
 22468 | D:13     | Reached XP level 14. HP: 119/119 MP: 4/4
 22474 | D:13     | Got a pitted battleaxe {god gift}
 22512 | D:13     | Identified the battleaxe "Roxkuqom" {god gift, flame, -Cast +Blink} (Trog gifted it to you on level 13 of the Dungeon)
 23661 | D:14     | Entered Level 14 of the Dungeon
 23667 | D:14     | Received a gift from Trog
 23678 | D:14     | Reached skill level 25 in Axes
 23704 | D:14     | Found an iron altar of Okawaru.
 25123 | D:15     | Entered Level 15 of the Dungeon
 25292 | D:15     | Noticed Kirke
 25302 | D:15     | Killed Kirke
 25383 | D:15     | Found a shimmering altar of Xom.
 25409 | D:15     | Reached skill level 26 in Axes
 25501 | D:15     | Reached XP level 15. HP: 130/130 MP: 5/5
 25634 | D:16     | Noticed Harold
 25640 | D:16     | Killed Harold
 26184 | D:16     | Received a gift from Trog
 26402 | D:17     | Found Kluzeon's Pet Rocks.
 26403 | D:17     | Noticed a stone giant
 26443 | D:17     | Noticed Saint Roka
 26461 | D:17     | Killed Saint Roka
 26667 | D:17     | Noticed Nessos
 26676 | D:17     | Killed Nessos
 26846 | D:17     | Found Elalet's Antique Armour Shop.
 27202 | D:17     | Reached skill level 15 in Fighting
 27549 | D:18     | Received a gift from Trog
 27639 | D:18     | Reached XP level 16. HP: 135/146 MP: 5/5
 27853 | D:18     | Found a white marble altar of Elyvilon.
 28173 | D:18     | Found a staircase to the Vaults.
 28397 | D:19     | HP: 1/148 [centaur warrior (10)]
 28640 | D:19     | Received a gift from Trog
 29266 | D:19     | Reached skill level 5 in Dodging
 29598 | D:20     | Entered Level 20 of the Dungeon
 29726 | D:20     | Received a gift from Trog
 30153 | D:20     | Noticed Margery
 30161 | D:20     | Killed Margery
 30161 | D:20     | Reached XP level 17. HP: 157/159 MP: 5/5
 30180 | D:20     | Reached XP level 16. HP: 130/151 MP: 4/5
 30708 | D:20     | Reached skill level 15 in Armour
 30848 | D:20     | Reached XP level 17. HP: 160/160 MP: 5/5
 31580 | Lair:4   | the staircase to the Snake Pit was a mimic.
 31610 | Swamp:1  | Entered Level 1 of the Swamp
 32696 | Swamp:2  | Noticed Nergalle
 32922 | Swamp:2  | Noticed Donald
 32933 | Swamp:2  | Killed Donald
 32937 | Swamp:2  | Noticed Roxanne
 33309 | Swamp:2  | Noticed Rupert
 33350 | Swamp:2  | Killed Rupert
 34041 | Swamp:2  | Killed Nergalle
 34350 | Swamp:3  | Got a transparent golden amulet
 36204 | Spider:1 | Entered Level 1 of the Spider Nest
 36208 | Spider:1 | Reached XP level 18. HP: 173/173 MP: 6/6
 36411 | Spider:1 | Identified the amulet "Laots" (You found it on level 3 of the Swamp)
 37013 | Spider:2 | Received a gift from Trog
 37208 | Spider:2 | Noticed Agnes
 37211 | Spider:2 | Killed Agnes
 37454 | Spider:2 | Found a roughly hewn altar of Beogh.
 37759 | Spider:3 | Noticed Louise
 37765 | Spider:3 | Killed Louise
 38125 | Spider:3 | Received a gift from Trog
 38324 | Spider:3 | You fall through a shaft!
 40878 | D:21     | Found Etaudunt's Assorted Antiques.
 40920 | D:21     | Found a gateway to Hell.
 41249 | D:21     | Received a gift from Trog
 41407 | D:22     | Noticed Frederick
 41416 | D:22     | Killed Frederick
 41713 | D:22     | You fall through a shaft!
 41737 | D:23     | Reached XP level 19. HP: 171/185 MP: 6/6
 42172 | D:23     | Noticed Mennas
 42190 | D:23     | Killed Mennas
 43124 | D:24     | Received a gift from Trog
 43626 | D:24     | Noticed Frances
 43647 | D:24     | Killed Frances
 43648 | D:24     | Found a one-way gate leading to the halls of Pandemonium.
 43784 | D:24     | Noticed a tentacled monstrosity
 43793 | D:24     | Killed a tentacled monstrosity
 44092 | D:25     | Entered Level 25 of the Dungeon
 44301 | D:25     | Reached XP level 20. HP: 173/200 MP: 6/6
 44342 | D:25     | Found a one-way gate to the infinite horrors of the Abyss.
 44605 | D:25     | Reached skill level 10 in Dodging
 44936 | D:25     | Found a portal to a secret trove of treasure.
 44971 | D:25     | Received a gift from Trog
 45423 | D:26     | Paralysed by a sphinx for 2 turns
 47037 | D:26     | Found a burning altar of Makhleb.
 47050 | D:26     | Got a fine cloak
 47051 | D:26     | Identified the cursed +2 cloak of Puafrile (You found it on level 26 of the Dungeon)
 47672 | D:26     | Cast into the Abyss (balrug)
 48377 | Abyss    | Noticed a lich
 48382 | Abyss    | Killed a lich
 48416 | Abyss    | Reached XP level 21. HP: 212/212 MP: 7/7
 48634 | Abyss    | Found a corrupted altar of Lugonu.
 49181 | D:26     | Escaped the Abyss.
 49427 | D:27     | Entered Level 27 of the Dungeon
 49429 | D:27     | Noticed a tentacled monstrosity
 49443 | D:27     | Killed a tentacled monstrosity
 49550 | D:27     | Noticed a golden dragon
 49562 | D:27     | Killed a golden dragon
 50408 | D:27     | Reached XP level 22. HP: 174/226 MP: 7/7
 50707 | D:27     | Noticed a tentacled monstrosity
 50715 | D:27     | Killed a tentacled monstrosity
 51446 | D:22     | Received a gift from Trog
 51623 | D:22     | Reached skill level 27 in Fighting
 51731 | D:22     | Gained mutation: Your vision is a little blurry. [mutagenic glow]
 51751 | D:22     | Gained mutation: Your muscles are strong, but stiff (Str +1, Dex -1). [mutagenic glow]
 52795 | Swamp:5  | Entered Level 5 of the Swamp
 53236 | Vaults:1 | Entered Level 1 of the Vaults
 53391 | Vaults:1 | Received a gift from Trog
 53476 | Vaults:1 | Noticed Norris
 53494 | Vaults:1 | Killed Norris
 54117 | Vaults:1 | Gained mutation: Your mind is acute (Int +1). [potion of gain intelligence]
 54135 | Vaults:1 | Reached XP level 23. HP: 185/237 MP: 7/7
 54454 | Vaults:2 | Found Traweat's Jewellery Boutique.
 54578 | Vaults:2 | Noticed Wiglaf
 54592 | Vaults:2 | Killed Wiglaf
 54675 | Vaults:2 | Noticed Snorg
 54683 | Vaults:2 | Killed Snorg
 54714 | Vaults:2 | Noticed Mara
 54722 | Vaults:2 | Killed Mara
 54941 | Vaults:2 | Received a gift from Trog
 54986 | Vaults:2 | Found a staircase to the Crypt.
 55870 | Vaults:3 | Noticed a lich
 55876 | Vaults:3 | Killed a lich
 55881 | Vaults:3 | Received a gift from Trog
 56188 | Vaults:4 | Reached skill level 15 in Dodging
 56501 | Vaults:4 | Gained mutation: You are agile (Dex +1). [potion of gain dexterity]
 56945 | Vaults:5 | Found Wedure's Antique Armour Emporium.
 56964 | Vaults:5 | Bought a crude plate armour for 896 gold pieces
 56978 | Vaults:5 | Identified the +4 plate armour of Nynkian (You bought it in a shop on level 5 of the Vaults)
 57389 | Vaults:6 | Found Likien's Food Shop.
 57543 | Vaults:6 | Found a staircase to the Hall of Blades.
 57548 | Vaults:6 | Bought a choko for 4 gold pieces
 57548 | Vaults:6 | Bought a bread ration for 44 gold pieces
 57548 | Vaults:6 | Bought 10 sultanas for 11 gold pieces
 57548 | Vaults:6 | Bought a meat ration for 44 gold pieces
 57548 | Vaults:6 | Bought a bread ration for 44 gold pieces
 57548 | Vaults:6 | Bought a meat ration for 44 gold pieces
 57893 | Vaults:6 | Received a gift from Trog
 58055 | Vaults:6 | Found a bloodstained altar of Trog.
 58273 | Vaults:7 | Found a flickering gateway to a bazaar.
 58308 | Bazaar   | Entered a bazaar
 58308 | Bazaar   | Found Iruatoq's General Store.
 58308 | Bazaar   | Found Ykeur's Book Shoppe.
 58312 | Bazaar   | Found Roclas' Jewellery Shoppe.
 58325 | Bazaar   | Found Awkuutush's Antique Weapon Emporium.
 58549 | Vaults:7 | Reached XP level 24. HP: 248/248 MP: 8/8
 59853 | Swamp:5  | Noticed StrayCheeseburger's ghost (mighty MiFi)
 59869 | Swamp:5  | Killed StrayCheeseburger's ghost
 60208 | Swamp:5  | Received a gift from Trog
 60412 | Swamp:5  | Got a decaying rune of Zot
 60790 | Spider:5 | Entered Level 5 of the Spider Nest
 61045 | Spider:5 | Received a gift from Trog
 62294 | Spider:5 | Got a gossamer rune of Zot
 63087 | Vaults:8 | Entered Level 8 of the Vaults
 63279 | Vaults:8 | Reached XP level 25. HP: 257/257 MP: 8/8
 63287 | Vaults:7 | Received a gift from Trog
 63522 | Vaults:8 | HP: 10/257 [yaktaur captain/ silver bolt (31)]
 63670 | Vaults:8 | Received a gift from Trog
 64420 | Vaults:8 | Got a silver rune of Zot
 64542 | Vaults:8 | Received a gift from Trog
 64827 | Vaults:8 | Found Giufon's Magical Wand Shop.
 64870 | Vaults:8 | Noticed a golden dragon
 64885 | Vaults:8 | Killed a golden dragon
 64891 | Vaults:8 | Noticed a golden dragon
 64891 | Vaults:8 | Found Chuugg's Antique Armour Shoppe.
 64898 | Vaults:8 | Killed a golden dragon
 65444 | Zot:1    | Entered Level 1 of the Realm of Zot
 65464 | Zot:1    | Noticed an orb of fire
 65468 | Zot:1    | Gained mutation: Your magical capacity is low (-10% MP). [an orb of fire]
 65472 | Zot:1    | Killed an orb of fire
 65472 | Zot:1    | Reached XP level 26. HP: 267/267 MP: 7/7
 65704 | Zot:1    | Noticed an orb of fire
 65718 | Zot:1    | Killed an orb of fire
 65758 | Zot:1    | Noticed an orb of fire
 65778 | Zot:1    | Killed an orb of fire
 65778 | Zot:1    | Reached skill level 1 in Traps & Doors
 66131 | Zot:1    | Noticed a golden dragon
 66141 | Zot:1    | Killed a golden dragon
 66421 | Zot:1    | Gained mutation: You have a fast metabolism. [mutagenic glow]
 66521 | Zot:1    | Gained mutation: You tend to lose your temper in combat. [mutagenic glow]
 66621 | Zot:1    | Gained mutation: Armour fits poorly on your strangely shaped body. [mutagenic glow]
 67235 | Zot:1    | Received a gift from Trog
 67269 | Zot:1    | Reached XP level 27. HP: 258/276 MP: 8/8
 67337 | Zot:2    | Reached skill level 27 in Armour
 67391 | Zot:2    | Noticed a Killer Klown
 67401 | Zot:2    | Killed a Killer Klown
 68971 | Zot:3    | Lost mutation: Your mind is acute (Int +1). [a Zot trap]
 69134 | Zot:3    | Noticed a golden dragon
 69144 | Zot:3    | Killed a golden dragon
 70913 | Zot:4    | Noticed a golden dragon
 71032 | Zot:4    | Got a faintly glowing copper ring
 71033 | Zot:4    | Identified the ring of Division (You found it on level 4 of the Realm of Zot)
 71113 | Zot:4    | Noticed a golden dragon
 71121 | Zot:4    | Killed a golden dragon
 71193 | Zot:4    | Noticed a golden dragon
 71200 | Zot:4    | Killed a golden dragon
 71275 | Zot:4    | Killed a golden dragon
 71288 | Zot:5    | Entered Level 5 of the Realm of Zot
 71378 | Zot:5    | Noticed a golden dragon
 71384 | Zot:5    | Killed a golden dragon
 71874 | Zot:5    | Noticed an ancient lich
 71884 | Zot:5    | Killed an ancient lich
 71996 | Zot:5    | Noticed an orb of fire
 72014 | Zot:5    | Killed an orb of fire
 72014 | Zot:5    | Reached skill level 27 in Dodging
 72069 | Zot:5    | Reached skill level 5 in Traps & Doors
 72074 | Zot:5    | Noticed an orb of fire
 72075 | Zot:5    | Noticed a Killer Klown
 72078 | Zot:5    | Noticed an ancient lich
 72078 | Zot:5    | Noticed a golden dragon
 72085 | Zot:5    | Noticed an orb of fire
 72114 | Zot:5    | Killed a Killer Klown
 72116 | Zot:5    | Killed an orb of fire
 72128 | Zot:5    | Killed an orb of fire
 72167 | Zot:5    | Killed an ancient lich
 72360 | Zot:5    | Killed a golden dragon
 72396 | Zot:5    | Reached skill level 10 in Traps & Doors
 72502 | Zot:5    | Noticed a golden dragon
 72505 | Zot:5    | Noticed an ancient lich
 72506 | Zot:5    | Noticed an orb of fire
 72508 | Zot:5    | Noticed an orb of fire
 72511 | Zot:5    | Noticed a Killer Klown
 72528 | Zot:5    | Killed an orb of fire
 72536 | Zot:5    | Killed an orb of fire
 72543 | Zot:5    | Killed a Killer Klown
 72552 | Zot:5    | HP: 15/409 [Ice Fiend/torment[an ancient lich] (13)]
 72555 | Zot:5    | Killed from afar by an Ice Fiend
